 Seeded DCSS version 0.30.1 (webtiles) character file.

Game seed: 1882581695637917331 (custom seed)

4305 McKennaii the Destroyer (level 9, -1/62 HPs)
             Began as a Demigod Conjurer on July 12, 2023.
             Slain by a gnoll sergeant
             ... wielding a +0 halberd
              (9 damage)
             ... in a bailey.
             The game lasted 00:08:04 (8180 turns).

McKennaii the Destroyer (Demigod Conjurer)          Turns: 8180, Time: 00:08:05

Health: -1/62      AC:  6    Str:  8    XL:     9   Next: 86%
Magic:  12/26      EV: 12    Int: 32    God:
Gold:   816        SH:  0    Dex: 12    Spells: 19/26 levels left

rFire   . . .        A - +7 flail (drain)
rCold   . . .        (no shield)
rNeg    . . .        a - +0 robe
rPois   .            (no helmet)
rElec   .            (no cloak)
rCorr   .            p - +2 pair of gloves
SInv    .            j - +0 pair of boots
Will    .....        r - amulet of magic regeneration
Stlth   ++           (no ring)
HPRegen 0.30/turn    (no ring)
MPRegen 0.60/turn

%: no passive effects
@: no status effects
A: high MP 1, forlorn, divine attributes
a: no special abilities


You were in a bailey.
You visited 1 branch of the dungeon, and saw 7 of its levels.
You also visited: Sewer and Bailey.

You collected 816 gold pieces.

Inventory:

Hand Weapons
 A - a +7 flail of draining (weapon)
Missiles
 H - 14 throwing nets
Armour
 a - a +0 robe (worn)
 d - +0 acid dragon scales
 j - a +0 pair of boots (worn)
 p - a +2 pair of gloves (worn)
 D - a +0 crystal plate armour
Jewellery
 r - an amulet of magic regeneration (around neck)
 x - a ring of ice
 F - a ring of fire
Wands
 t - a wand of iceblast (5)
 E - a wand of polymorph (7)
Scrolls
 e - 5 scrolls of amnesia
 f - 3 scrolls of poison
 g - a scroll of silence
 i - 3 scrolls of magic mapping
 l - 2 scrolls of blinking
 m - 4 scrolls of enchant weapon {unknown}
 q - a scroll of acquirement {unknown}
 w - a scroll of vulnerability {unknown}
 y - a scroll of brand weapon {unknown}
 B - 4 scrolls of immolation
 C - 3 scrolls of teleportation {unknown}
Potions
 b - a potion of magic
 c - 3 potions of ambrosia {unknown}
 h - 3 potions of curing
 k - a potion of cancellation
 n - 2 potions of invisibility {unknown}
 o - 3 potions of degeneration {unknown}
 s - 2 potions of might {unknown}
 u - a potion of experience {unknown}
 v - 2 potions of haste {unknown}
 z - a potion of flight {unknown}
 G - a potion of resistance {unknown}


   Skills:
 - Level 1.7 Dodging
 - Level 1.7 Stealth
 + Level 9.0 Spellcasting
 + Level 10.3 Conjurations


You had 19 spell levels left.
You knew the following spells:

 Your Spells              Type           Power      Damage    Failure   Level
a - Magic Dart            Conj           100%       1d8       1%          1
b - Searing Ray           Conj           100%       2d8       1%          2
c - Iskenderun's Mystic   Conj/Tloc      47%        2d10      4%          4

Your spell library contained the following spells:

 Spells                   Type           Power      Damage    Failure   Level
 Dazzling Flash           Conj/Hex       94%        N/A       1%          3
 Fulminant Prism          Conj/Hex       23%        3d12      4%          4
 Tukima's Dance           Hex            14%        N/A       10%         3
 Passage of Golubria      Tloc           14%        N/A       32%         4
 Yara's Violent Unravell  Hex/Tmut       7%         3d5       67%         5


Dungeon Overview and Level Annotations

Branches:
Dungeon (7/15)              Sewer (visited)          Bailey (1/1)
 Temple: D:4-7


Innate Abilities, Weirdness & Mutations

You have an increased reservoir of magic. (+10% MP)
You shall have no god before yourself.
Your divine heritage dramatically boosts your attributes as you level up.


Message History

The mystic blast hits the gnoll sergeant.
The gnoll sergeant is lightly wounded.
The gnoll sergeant is knocked back by the mystic blast.
The gnoll sergeant slams into the granite statue!
The gnoll sergeant is moderately wounded.
The mystic blast hits the wolf.
The wolf is severely wounded.
The wolf is knocked back by the mystic blast.
The gnoll sergeant hits you from afar with a +0 halberd!
* * * LOW HITPOINT WARNING * * *
The gnoll bouda calls upon its god to heal the gnoll sergeant.
The gnoll sergeant is healed somewhat.
Unknown command.
The gnoll bouda calls upon its god to heal the gnoll sergeant.
The gnoll sergeant's wounds heal themselves!
There is an open door, spattered with blood here.
Items here: )) [[.
Unknown command.
Casting: Iskenderun's Mystic Blast (dangerous; 4% risk of failure)
Confirm with . or Enter, or press ? or * to list all spells.
You erupt in a blast of force!
The mystic blast hits the gnoll sergeant.
The gnoll sergeant is moderately wounded.
The gnoll sergeant is knocked back by the mystic blast.
The gnoll sergeant slams into the granite statue!
The mystic blast hits the wolf!
You kill the wolf!
The gnoll bouda gazes fiercely through you!
You feel your attacks grow feeble.
Unknown command.
Okay, then.
Okay, then.
Casting: Iskenderun's Mystic Blast (dangerous; 4% risk of failure)
Confirm with . or Enter, or press ? or * to list all spells.
You erupt in a blast of force!
The mystic blast hits the gnoll sergeant but does no damage.
The gnoll sergeant is moderately wounded.
Your attacks no longer feel as feeble.
The gnoll sergeant hits you from afar with a +0 halberd!
You die...

≈...#############...≈≈♣♣
...##.8.......8.###..≈.♣
..##............#.#..≈.♣♣
..#.............#}#..≈..♣
..#.....#####...#.#..≈..♣
..#..).##...##..'.#..≈..♣♣
..##'###)....######..≈...♣♣
......#..)....#...'.......♣♣♣#
....†.')†.8.g)g.@.'......))†∩#
......#)......#...'.......♣♣♣#
..##'###.....######..≈...♣♣
..#....##...## #..≈...♣
..#.....#####.. #..≈...♣
..#...h...'gh.g #..≈..♣♣
..##......#.... #..≈.♣♣
...##.8...# .8 ###..≈.♣
≈...####### #...≈≈♣♣


You could see a gnoll sergeant (swift) and a gnoll bouda.

Vanquished Creatures
  Maggie (D:7)
  Menkaure (D:5)
  Edmund (D:5)
  A water moccasin (D:5)
  An orc warrior (D:6)
  A sky beast (D:6)
  A black bear (D:6)
  2 centaurs (D:6)
  9 wolves (Bailey)
  4 ogres
  A phantom (D:4)
  9 kobold brigands (Sewer)
  3 scorpions (D:5)
  4 gnoll sergeants (Bailey)
  5 hounds
  4 gnoll boudas (Bailey)
  3 jellies (D:6)
  3 orc priests
  Ijyb (D:3)
  A sleepcap (D:6)
  4 iguanas
  Terence (D:3)
  3 orc wizards
  13 adders
  10 gnolls (Bailey)
  3 river rats
  A shadow imp (D:7)
  2 white imps
  4 worms
  3 dart slugs
  13 orcs
  4 bats
  9 endoplasms
  2 giant cockroaches
  10 goblins
  11 hobgoblins
  2 jackals (D:2)
  12 kobolds
  4 quokkas
  5 ball pythons
  2 frilled lizards (D:2)
  8 rats
182 creatures vanquished.

Notes
Turn   | Place    | Note
-------+----------+-------------------------------------------
     0 | D:1      | McKennaii the Demigod Conjurer began the quest for the Orb.
     0 | D:1      | Reached XP level 1. HP: 14/14 MP: 5/5
   565 | D:1      | Reached XP level 2. HP: 20/20 MP: 3/7
   568 | D:1      | Learned a level 2 spell: Searing Ray
  1044 | D:2      | Reached skill level 4 in Conjurations
  1352 | D:2      | Reached XP level 3. HP: 26/26 MP: 5/9
  2251 | D:3      | Noticed Terence
  2543 | D:3      | Killed Terence
  2544 | D:3      | Reached XP level 4. HP: 27/33 MP: 2/11
  2549 | D:3      | Learned a level 4 spell: Iskenderun's Mystic Blast
  2618 | D:3      | Noticed Ijyb
  2651 | D:3      | Killed Ijyb
  3247 | D:4      | Reached XP level 5. HP: 38/38 MP: 9/13
  3267 | D:4      | Reached skill level 5 in Conjurations
  3541 | D:4      | Noticed an ogre
  3550 | D:4      | Killed an ogre
  3551 | D:4      | Reached XP level 6. HP: 45/45 MP: 11/15
  4079 | D:5      | Entered Level 5 of the Dungeon
  4079 | D:5      | Noticed Menkaure
  4084 | D:5      | Killed Menkaure
  4085 | D:5      | Reached skill level 6 in Conjurations
  4136 | D:5      | Noticed a water moccasin
  4141 | D:5      | Killed a water moccasin
  4142 | D:5      | Reached skill level 5 in Spellcasting
  4142 | D:5      | Reached XP level 7. HP: 50/50 MP: 13/18
  4180 | D:5      | Noticed Edmund
  4190 | D:5      | Killed Edmund
  4364 | D:5      | Identified the +1 robe "Cige Wuagaj" {rCorr MP-9 Archmagi}
  4482 | D:5      | Reached skill level 7 in Conjurations
  5219 | D:6      | Reached XP level 8. HP: 57/57 MP: 17/20
  5414 | D:6      | Found a glowing drain.
  5453 | Sewer    | Entered a sewer
  5512 | Sewer    | Reached skill level 8 in Conjurations
  6410 | D:6      | Reached XP level 9. HP: 62/62 MP: 19/24
  6512 | D:6      | Reached skill level 9 in Conjurations
  7056 | D:7      | Noticed Maggie
  7071 | D:7      | Killed Maggie
  7333 | D:7      | Found a flagged portal.
  7339 | Bailey   | Entered a bailey
  7623 | Bailey   | Reached skill level 10 in Conjurations
  8180 | Bailey   | Slain by a gnoll sergeant

Illustrated notes

Levels and vault maps discovered:
D:1:      dpeg_arrival_erosion, layout_basic
D:2:      layout_basic, minmay_tripent
D:3:      layout_loops_ring, nicolae_wu_jian_wuxing_cycle, serial_bayou_pond_d,
          uniq_ijyb, uniq_terence
D:4:      layout_basic, lemuel_round_altar, kennysheep_slug_shrine,
          minmay_misc_feat_hallway, nicolae_kite_square_tiling_tiny
D:5:      layout_loops_corners, uniq_menkaure, uniq_edmund
D:6:      layout_loops_ring, kennysheep_mini, portal_sewer_entry_c,
          hangedman_decor_lopped, serial_bayou_crossing
D:7:      layout_loops_ring, old_standard_altar, temple_green, enter_bailey_3,
          serial_park_tiny_2, uniq_maggie
Bailey:   bailey_polearm_gnolls_kennysheep, bailey

Skill      XL: |  1  2  3  4  5  6  7  8  9 |
---------------+----------------------------+-----
Spellcasting   | 2 3 4 5 6 7 9 |  9.0
Conjurations   | 4 5 6 7 8 10 | 10.3
Dodging        | |  1.7
Stealth        | |  1.7

Action                     |  1- 3 |  4- 6 |  7- 9 || total
---------------------------+-------+-------+-------++-------
  Melee: Unarmed           |    12 |    14 |       ||    26
         Punch             |     1 |       |       ||     1
         Short sword       |       |     8 |       ||     8
   Cast: Magic Dart        |    74 |    84 |   174 ||   332
         Searing Ray       |     5 |    17 |    72 ||    94
         Iskenderun's Myst |       |       |    20 ||    20
  Evoke: Wand              |       |       |     4 ||     4
    Use: Scroll            |       |       |    10 ||    10
 Armour: Robe              |    16 |    22 |    25 ||    63
  Dodge: Dodged            |    29 |    27 |    91 ||   147
